| TOP OF THE 1ST |
|
Peninsula Panthers batting - Pitching for Rocky Mount Leafs : RHP Tony Pulido
|
|
Pitching: RHP Tony Pulido
|
|
|
Batting: SHB Romel Beck
|
0-0: Ball 1-0: Called Strike 1-1: Swinging Strike 1-2: Strikes out swinging
|
|
Batting: RHB Richard Hyatt
|
0-0: Foul Ball, location: 2F 0-1: Foul Ball, location: 2F 0-2: Foul Ball, location: 2F 0-2: Foul Ball, location: 2F 0-2: Fly out, F9 (Flyball, 9S, EV 91.3 MPH)
|
|
Batting: LHB Ted French
|
0-0: Ball 1-0: Called Strike 1-1: Foul Ball, location: 2F 1-2: Strikes out swinging
|
| Top of the 1st over - 0 runs, 0 hits, 0 errors, 0 left on base; Peninsula 0 - Rocky Mount 0 |
| BOTTOM OF THE 1ST |
|
Rocky Mount Leafs batting - Pitching for Peninsula Panthers : RHP Brian Fisher
|
|
Pitching: RHP Brian Fisher
|
|
|
Batting: RHB Greg Tabor
|
0-0: Fly out, F9 (Line Drive, 9, EV 88.1 MPH)
|
|
Batting: RHB Glenn Carpenter
|
0-0: Ball 1-0: Ball 2-0: Called Strike 2-1: Ground out 5-3 (Groundball, 56S, EV 91.3 MPH)
|
|
Batting: LHB Joe Orsulak
|
0-0: Called Strike 0-1: DOUBLE (Flyball, 89XD, EV 96.3 MPH)
|
|
Batting: RHB Phillip Strom
|
0-0: Ball 1-0: Foul Ball, location: 2F 1-1: Swinging Strike 1-2: Ball 2-2: Foul Ball, location: 2F 2-2: Ball 3-2: Base on Balls
|
|
Batting: LHB Scott Miller
|
0-0: Ball 1-0: Called Strike 1-1: Ball 2-1: Foul Ball, location: 2F 2-2: Ball 3-2: Base on Balls Joe Orsulak to third Phillip Strom to second
|
|
Batting: RHB Luis Gonzalez
|
0-0: Called Strike 0-1: Ball 1-1: Swinging Strike 1-2: Strikes out swinging
|
| Bottom of the 1st over - 0 runs, 1 hit, 0 errors, 3 left on base; Peninsula 0 - Rocky Mount 0 |
| TOP OF THE 2ND |
|
Peninsula Panthers batting - Pitching for Rocky Mount Leafs : RHP Tony Pulido
|
|
Batting: LHB Len Matuszek
|
0-0: Swinging Strike 0-1: Called Strike 0-2: Ball 1-2: Foul Ball, location: 2F 1-2: Foul Ball, location: 2F 1-2: Foul Ball, location: 2F 1-2: Strikes out swinging
|
|
Batting: RHB David Stevens
|
0-0: Ball 1-0: DOUBLE (Groundball, 5L, EV 96.3 MPH)
|
|
Batting: RHB David Stokes
|
0-0: Fly out, F6 (Line Drive, 6, EV 68.8 MPH)
|
|
Batting: RHB Douglas Elliott
|
0-0: Called Strike 0-1: Ball 1-1: Foul Ball, location: 2F 1-2: Strikes out swinging
|
| Top of the 2nd over - 0 runs, 1 hit, 0 errors, 1 left on base; Peninsula 0 - Rocky Mount 0 |
| BOTTOM OF THE 2ND |
|
Rocky Mount Leafs batting - Pitching for Peninsula Panthers : RHP Brian Fisher
|
|
Batting: RHB Larry Kiesling
|
0-0: Ball 1-0: Ball 2-0: Called Strike 2-1: Reached on error, E2 (Groundball, 13S, EV 70.6 MPH)
|
|
Batting: RHB Marc Siciliano
|
0-0: Called Strike 0-1: Ball 1-1: Called Strike 1-2: Strikes out swinging
|
|
Batting: RHB Steve Harvey
|
0-0: Foul Ball, location: 2F 0-1: Ball 1-1: Ball 2-1: Ball 3-1: Swinging Strike 3-2: Foul Ball, location: 2F 3-2: Foul Ball, location: 2F 3-2: Foul Ball, location: 2F 3-2: Strikes out swinging
|
|
Batting: RHB Greg Tabor
|
0-0: Foul Ball, location: 2F 0-1: Ball 1-1: Ground out 1-3 (Groundball, 15, EV 93.1 MPH)
|
| Bottom of the 2nd over - 0 runs, 0 hits, 1 error, 1 left on base; Peninsula 0 - Rocky Mount 0 |
| TOP OF THE 3RD |
|
Peninsula Panthers batting - Pitching for Rocky Mount Leafs : RHP Tony Pulido
|
|
Batting: RHB Mark Kuecker
|
0-0: Ground out U3 (Groundball, 34, EV 89.4 MPH)
|
|
Batting: LHB Randy Harvey
|
0-0: Ball 1-0: Foul Ball, location: 2F 1-1: Fly out, F9 (Flyball, 9D, EV 102.5 MPH)
|
|
Batting: SHB Romel Beck
|
0-0: Ball 1-0: Ball 2-0: Called Strike 2-1: Ball 3-1: Foul Ball, location: 2F 3-2: Base on Balls
|
|
Batting: RHB Richard Hyatt
|
0-0: SINGLE (Groundball, 56D, EV 100.6 MPH) Romel Beck to second
|
|
Batting: LHB Ted French
|
0-0: Ball 1-0: Ball 2-0: Ball 3-0: Called Strike 3-1: Swinging Strike 3-2: TRIPLE (Flyball, 78XD, EV 91.3 MPH) Romel Beck scores Richard Hyatt scores
|
|
Batting: LHB Len Matuszek
|
0-0: Ball 1-0: Ball 2-0: Called Strike 2-1: Fly out, F9 (Flyball, 9D, EV 85.6 MPH)
|
| Top of the 3rd over - 2 runs, 2 hits, 0 errors, 1 left on base; Peninsula 2 - Rocky Mount 0 |
| BOTTOM OF THE 3RD |
|
Rocky Mount Leafs batting - Pitching for Peninsula Panthers : RHP Brian Fisher
|
|
Batting: RHB Glenn Carpenter
|
0-0: Ball 1-0: Ball 2-0: Foul Ball, location: 2F 2-1: Foul Ball, location: 2F 2-2: Fly out, F4 (Popup, 34S, EV 66.9 MPH)
|
|
Batting: LHB Joe Orsulak
|
0-0: Foul Ball, location: 2F 0-1: Ball 1-1: Fly out, F7 (Line Drive, 7D, EV 96.3 MPH)
|
|
Batting: RHB Phillip Strom
|
0-0: Called Strike 0-1: Ground out 1-3 (Groundball, 34S, EV 85.6 MPH)
|
| Bottom of the 3rd over - 0 runs, 0 hits, 0 errors, 0 left on base; Peninsula 2 - Rocky Mount 0 |
| TOP OF THE 4TH |
|
Peninsula Panthers batting - Pitching for Rocky Mount Leafs : RHP Tony Pulido
|
|
Batting: RHB David Stevens
|
0-0: Called Strike 0-1: DOUBLE (Groundball, 3L, EV 100.6 MPH)
|
|
Pinch Runner at 2nd Timothy Riley:
|
|
|
Batting: RHB David Stokes
|
0-0: Ball 1-0: Ball 2-0: Foul Ball, location: 2F 2-1: Foul Ball, location: 2F 2-2: Ball 3-2: Foul Ball, location: 2F 3-2: Foul Ball, location: 2F 3-2: Base on Balls
|
|
Batting: RHB Douglas Elliott
|
0-0: Fielders Choice at 2nd, 6-4 (Groundball, 6, EV 105.0 MPH) Timothy Riley to third
|
|
Batting: RHB Mark Kuecker
|
0-0: Ball Douglas Elliott steals 2nd base 1-0: Ball 2-0: Foul Ball, location: 2F 2-1: Ball 3-1: Foul Ball, location: 2F 3-2: Base on Balls
|
|
Batting: LHB Randy Harvey
|
0-0: Foul Ball, location: 2F 0-1: GRAND SLAM HOME RUN (Flyball, 89XD, EV 91.3 MPH), Distance : 399 ft
|
|
Pitching: LHP Mark Liber
|
|
|
Batting: SHB Romel Beck
|
0-0: Called Strike 0-1: Swinging Strike 0-2: Ball 1-2: Foul Ball, location: 2F 1-2: Ball 2-2: Foul Ball, location: 2F 2-2: Foul Ball, location: 2F 2-2: SINGLE (Groundball, 5S, EV 73.1 MPH) (infield hit)
|
|
Batting: RHB Richard Hyatt
|
0-0: Grounds into double play, 4-6-3 (Groundball, 4, EV 100.0 MPH)
|
| Top of the 4th over - 4 runs, 3 hits, 0 errors, 0 left on base; Peninsula 6 - Rocky Mount 0 |
| BOTTOM OF THE 4TH |
|
Rocky Mount Leafs batting - Pitching for Peninsula Panthers : RHP Brian Fisher
|
|
Now at C: Timothy Riley
|
|
|
Batting: LHB Scott Miller
|
0-0: Foul Ball, location: 2F 0-1: Swinging Strike 0-2: Ball 1-2: Ball 2-2: Ball 3-2: Ground out U3 (Groundball, 34, EV 86.3 MPH)
|
|
Batting: RHB Luis Gonzalez
|
0-0: Reached on error, E5 (Groundball, 56, EV 102.5 MPH)
|
|
Batting: RHB Larry Kiesling
|
0-0: Ball 1-0: Ball 2-0: Ball 3-0: Base on Balls Luis Gonzalez to second
|
|
Batting: RHB Marc Siciliano
|
0-0: Ball 1-0: Called Strike 1-1: Grounds into double play, 5-4-3 (Groundball, 56, EV 82.5 MPH)
|
| Bottom of the 4th over - 0 runs, 0 hits, 1 error, 1 left on base; Peninsula 6 - Rocky Mount 0 |
| TOP OF THE 5TH |
|
Peninsula Panthers batting - Pitching for Rocky Mount Leafs : LHP Mark Liber
|
|
Batting: LHB Ted French
|
0-0: Called Strike 0-1: DOUBLE (Groundball, 3L, EV 105.0 MPH)
|
|
Batting: LHB Len Matuszek
|
0-0: Called Strike 0-1: Ball 1-1: SINGLE (Line Drive, 89S, EV 90.0 MPH) Ted French to third Runner from 3rd tries for Home, SAFE, throw by CF to home
|
|
Batting: RHB Timothy Riley
|
0-0: Ball 1-0: Ball 2-0: Foul Ball, location: 2F 2-1: Foul Ball, location: 2F 2-2: Fly out, F3 (Popup, 3SF, EV 82.5 MPH)
|
|
Batting: RHB David Stokes
|
0-0: Called Strike 0-1: SINGLE (Line Drive, 6MD, EV 93.8 MPH) Len Matuszek to second
|
|
Batting: RHB Douglas Elliott
|
0-0: Foul Ball, location: 2F 0-1: Called Strike 0-2: SINGLE (Groundball, 6MD, EV 100.6 MPH) Len Matuszek to third David Stokes to second Runner from 3rd tries for Home, SAFE, throw by CF to home
|
|
Batting: RHB Mark Kuecker
|
0-0: Called Strike 0-1: Fly out, F5 (Flyball, 56D, EV 90.0 MPH)
|
|
Batting: LHB Randy Harvey
|
0-0: Ball 1-0: Foul Ball, location: 2F 1-1: Ball 2-1: DOUBLE (Line Drive, 7LM, EV 111.3 MPH) David Stokes scores Douglas Elliott to third Runner from 3rd tries for Home, SAFE, throw by LF to trailing runner, SAFE at third!
|
|
Batting: SHB Romel Beck
|
0-0: Foul Ball, location: 2F 0-1: Foul Ball, location: 2F 0-2: Strikes out swinging
|
| Top of the 5th over - 4 runs, 5 hits, 0 errors, 1 left on base; Peninsula 10 - Rocky Mount 0 |
| BOTTOM OF THE 5TH |
|
Rocky Mount Leafs batting - Pitching for Peninsula Panthers : RHP Brian Fisher
|
|
Batting: RHB Steve Harvey
|
0-0: Ball 1-0: Foul Ball, location: 2F 1-1: Ball 2-1: Called Strike 2-2: Foul Ball, location: 2F 2-2: Fly out, F7 (Flyball, 78M, EV 82.5 MPH)
|
|
Batting: RHB Greg Tabor
|
0-0: Ball 1-0: Called Strike 1-1: Swinging Strike 1-2: Ground out 3-1 (Groundball, 34, EV 79.4 MPH)
|
|
Batting: RHB Glenn Carpenter
|
0-0: Foul Ball, location: 2F 0-1: SINGLE (Groundball, 4D, EV 96.3 MPH)
|
|
Batting: LHB Joe Orsulak
|
0-0: Ball 1-0: Fielders Choice at 2nd, 6-4 (Groundball, 56, EV 80.6 MPH)
|
| Bottom of the 5th over - 0 runs, 1 hit, 0 errors, 1 left on base; Peninsula 10 - Rocky Mount 0 |
| TOP OF THE 6TH |
|
Peninsula Panthers batting - Pitching for Rocky Mount Leafs : LHP Mark Liber
|
|
Batting: RHB Richard Hyatt
|
0-0: Fly out, F8 (Flyball, 89D, EV 90.0 MPH)
|
|
Batting: LHB Ted French
|
0-0: Called Strike 0-1: Ball 1-1: Called Strike 1-2: Ball 2-2: Foul Ball, location: 2F 2-2: Foul Ball, location: 2F 2-2: Ball 3-2: Fly out, F6 (Flyball, 6D, EV 82.5 MPH)
|
|
Batting: LHB Len Matuszek
|
0-0: Ball 1-0: Called Strike 1-1: Ball 2-1: Ball 3-1: Ground out 4-3 (Groundball, 4, EV 93.8 MPH)
|
| Top of the 6th over - 0 runs, 0 hits, 0 errors, 0 left on base; Peninsula 10 - Rocky Mount 0 |
| BOTTOM OF THE 6TH |
|
Rocky Mount Leafs batting - Pitching for Peninsula Panthers : RHP Brian Fisher
|
|
Batting: RHB Phillip Strom
|
0-0: Called Strike 0-1: Foul Ball, location: 2F 0-2: Foul Ball, location: 2F 0-2: Ball 1-2: Strikes out swinging
|
|
Batting: LHB Scott Miller
|
0-0: Called Strike 0-1: Foul Ball, location: 2F 0-2: Foul Ball, location: 2F 0-2: Foul Ball, location: 2F 0-2: Ball 1-2: Ball 2-2: Ball 3-2: Foul Ball, location: 2F 3-2: Foul Ball, location: 2F 3-2: Ground out U3 (Groundball, 34, EV 105.0 MPH)
|
|
Batting: RHB Luis Gonzalez
|
0-0: Ball 1-0: Ball 2-0: Single, Error in OF, E9, batter to second base (Line Drive, 3D, EV 98.8 MPH)
|
|
Batting: RHB Larry Kiesling
|
0-0: Ball 1-0: Ball 2-0: Ball 3-0: Base on Balls
|
|
Batting: RHB Marc Siciliano
|
0-0: Foul Ball, location: 2F 0-1: Foul Ball, location: 2F 0-2: Strikes out swinging
|
| Bottom of the 6th over - 0 runs, 1 hit, 1 error, 2 left on base; Peninsula 10 - Rocky Mount 0 |
| TOP OF THE 7TH |
|
Peninsula Panthers batting - Pitching for Rocky Mount Leafs : LHP Mark Liber
|
|
Pitching: RHP Robert Foster
|
|
|
Batting: RHB Timothy Riley
|
0-0: Ball 1-0: Ball 2-0: Ball 3-0: Called Strike 3-1: Base on Balls
|
|
Batting: RHB David Stokes
|
0-0: Ball 1-0: Ball 2-0: Fielders Choice at 2nd, 4-6 (Groundball, 4, EV 83.1 MPH)
|
|
Batting: RHB Douglas Elliott
|
0-0: Ball 1-0: Grounds into double play, 5-4-3 (Groundball, 56S, EV 90.0 MPH)
|
| Top of the 7th over - 0 runs, 0 hits, 0 errors, 0 left on base; Peninsula 10 - Rocky Mount 0 |
| BOTTOM OF THE 7TH |
|
Rocky Mount Leafs batting - Pitching for Peninsula Panthers : RHP Brian Fisher
|
|
Batting: RHB Steve Harvey
|
0-0: Foul Ball, location: 2F 0-1: Foul Ball, location: 2F 0-2: Ball 1-2: Ball 2-2: Reached on error, E6 (Groundball, 6, EV 90.0 MPH)
|
|
Batting: RHB Greg Tabor
|
0-0: Fielders Choice at 2nd, 6-4 (Groundball, 6, EV 78.1 MPH)
|
|
Batting: RHB Glenn Carpenter
|
0-0: Fly out, F9 (Flyball, 89M, EV 83.1 MPH)
|
|
Batting: LHB Joe Orsulak
|
0-0: Ball 1-0: Ball 2-0: Ball 3-0: Called Strike 3-1: Fly out, F8 (Flyball, 8RXD, EV 97.5 MPH)
|
| Bottom of the 7th over - 0 runs, 0 hits, 1 error, 1 left on base; Peninsula 10 - Rocky Mount 0 |
| TOP OF THE 8TH |
|
Peninsula Panthers batting - Pitching for Rocky Mount Leafs : RHP Robert Foster
|
|
Batting: RHB Mark Kuecker
|
0-0: Called Strike 0-1: Ground out 1-3 (Groundball, 13S, EV 66.9 MPH)
|
|
Batting: LHB Randy Harvey
|
0-0: Called Strike 0-1: Foul Ball, location: 2F 0-2: Strikes out swinging
|
|
Batting: SHB Romel Beck
|
0-0: Ball 1-0: Foul Ball, location: 2F 1-1: Ball 2-1: Foul Ball, location: 2F 2-2: Strikes out swinging
|
| Top of the 8th over - 0 runs, 0 hits, 0 errors, 0 left on base; Peninsula 10 - Rocky Mount 0 |
| BOTTOM OF THE 8TH |
|
Rocky Mount Leafs batting - Pitching for Peninsula Panthers : RHP Brian Fisher
|
|
Batting: RHB Phillip Strom
|
0-0: Ball 1-0: Ball 2-0: Called Strike 2-1: Fly out, F9 (Flyball, 89S, EV 88.1 MPH)
|
|
Batting: LHB Scott Miller
|
0-0: Ball 1-0: Called Strike 1-1: Ball 2-1: Ball 3-1: Called Strike 3-2: Foul Ball, location: 2F 3-2: Fly out, F8 (Flyball, 8LM, EV 83.1 MPH)
|
|
Batting: RHB Luis Gonzalez
|
0-0: Called Strike 0-1: Called Strike 0-2: Ball 1-2: Ball 2-2: Ball 3-2: Ground out 6-3 (Groundball, 6, EV 92.5 MPH)
|
| Bottom of the 8th over - 0 runs, 0 hits, 0 errors, 0 left on base; Peninsula 10 - Rocky Mount 0 |
| TOP OF THE 9TH |
|
Peninsula Panthers batting - Pitching for Rocky Mount Leafs : RHP Robert Foster
|
|
Batting: RHB Richard Hyatt
|
0-0: Ground out 1-3 (Groundball, 25, EV 69.4 MPH)
|
|
Batting: LHB Ted French
|
0-0: Foul Ball, location: 2F 0-1: Swinging Strike 0-2: Fly out, F5 (Popup, 56S, EV 72.5 MPH)
|
|
Batting: LHB Len Matuszek
|
0-0: Called Strike 0-1: Foul Ball, location: 2F 0-2: Strikes out swinging
|
| Top of the 9th over - 0 runs, 0 hits, 0 errors, 0 left on base; Peninsula 10 - Rocky Mount 0 |
| BOTTOM OF THE 9TH |
|
Rocky Mount Leafs batting - Pitching for Peninsula Panthers : RHP Brian Fisher
|
|
Batting: RHB Larry Kiesling
|
0-0: Fly out, F7 (Flyball, 7S, EV 86.3 MPH)
|
|
Batting: RHB Marc Siciliano
|
0-0: Ball 1-0: Fly out, F7 (Flyball, 78M, EV 94.4 MPH)
|
|
Batting: RHB Steve Harvey
|
0-0: Called Strike 0-1: Swinging Strike 0-2: Ball 1-2: Fly out, F7 (Flyball, 7S, EV 88.1 MPH)
|
| Bottom of the 9th over - 0 runs, 0 hits, 0 errors, 0 left on base; Peninsula 10 - Rocky Mount 0 |
|